 Dungeon Crawl Stone Soup version 0.28-a0-643-g84cb2ea78e (webtiles) character file.

Game seed: 11009609384851419762

952 Demosthentine the Poker (level 8, 0/62 HPs)
             Began as a Merfolk Gladiator on Oct 11, 2021.
             Was an Elder of Zin.
             Succumbed to an orc wizard's poison
             ... on level 6 of the Dungeon.
             The game lasted 00:04:53 (5903 turns).

Demosthentine the Poker (Merfolk Gladiator)         Turns: 5903, Time: 00:04:54

Health: 0/62       AC:  6    Str: 16    XL:     8   Next: 13%
Magic:  8/8        EV: 15    Int:  7    God:    Zin [****..]
Gold:   575        SH:  0    Dex: 16    Spells: 7/7 levels left

rFire   . . .      SeeInvis .   a - +1 trident
rCold   . . .      Faith    .   (no shield)
rNeg    . . .      Spirit   .   b - +0 leather armour
rPois   .          Reflect  .   c - +0 helmet
rElec   .          Harm     .   (no cloak)
rCorr   .          Rampage  .   e - +1 pair of gloves
Will    .....                   (no boots)
Stlth   +.........              (no amulet)
HPRegen 0.20/turn               (no ring)
MPRegen 0.11/turn               (no ring)

@: confused, lethally poisoned (0 -> -27), ambrosia-drunk, flying
A: (nimble swimmer 2), mertail
a: Renounce Religion, Recite, Vitalisation, Imprison, Donate Gold


You were on level 6 of the Dungeon.
You worshipped Zin.
Zin was greatly pleased with you.
You visited 1 branch of the dungeon, and saw 6 of its levels.

You collected 638 gold pieces.
You donated 63 gold pieces to Zin.

Inventory:

Hand Weapons
 a - a +1 trident (weapon)
Missiles
 h - a throwing net (quivered)
Armour
 b - a +0 leather armour (worn)
 c - a +0 helmet (worn)
 e - a +1 pair of gloves (worn)
 i - a +0 buckler
Jewellery
 p - a ring of positive energy
Scrolls
 l - 4 scrolls of enchant weapon
 m - a scroll of summoning
Potions
 d - a potion of magic
 g - 2 potions of flight
 j - a potion of lignification
 k - a potion of brilliance
 o - 3 potions of curing {unknown}


   Skills:
 + Level 5.0 Fighting
 + Level 7.5 Polearms
 - Level 2.0 Throwing
 + Level 2.9 Armour
 + Level 6.8 Dodging
 + Level 3.0 Shields


You had 7 spell levels left.
You didn't know any spells.
Your spell library contained the following spells:

 Spells                   Type           Power      Damage    Failure   Level
 Apportation              Tloc           0%         N/A       50%         1
 Alistair's Intoxication  Tmut/Pois      0%         N/A       100%        5
 Invisibility             Hex            0%         N/A       100%        6


Dungeon Overview and Level Annotations

Branches:
Dungeon (6/15)
 Temple: D:4-7

Altars:
Fedhas
Hepliaklqana
Kikubaaqudgha
Nemelex Xobeh
Qazlal
Yredelemnul
Zin

Shops:
D:5 *

Annotations:
D:3 1 runed translucent door


Innate Abilities, Weirdness & Mutations

((You are quick and stealthy near water. (Stealth+, EV+, Speed+++)))
Your lower body shifts to a powerful aquatic tail in water.


Message History

Something hits you but does no damage.
You are more poisoned.
You miss something.
You feel very sick. Something hits you.
You hit something.
You feel very sick.
You hear some strange, mumbled words.
You are confused.
You completely miss something.
You feel very sick. Something hits you.
You are more poisoned.
You bump into the rock wall.
You feel very sick. Something hits you.
* * * LOW HITPOINT WARNING * * *
You are lethally poisoned!
You bump into the rock wall.
* * * LOW HITPOINT WARNING * * *
You feel very sick. Something barely misses you.
It was a potion of flight.
You feel very buoyant.
You fly up into the air.
* * * LOW HITPOINT WARNING * * *
You feel very sick. Something hits you.
* * * LOW HITPOINT WARNING * * *
You are more poisoned.
You are more confused.
You feel invigorated.
* * * LOW HITPOINT WARNING * * *
You feel very sick. Something hits you.
* * * LOW HITPOINT WARNING * * *
You are more poisoned.
Unknown command.
You closely miss something.
You die...

### #..
#.#############
#....){@.......
###.##)#########.
#<.....# ####.###
..... ###..#..
..# ... ..# ..
..# .


There were no monsters in sight!

Vanquished Creatures
  Menkaure (D:4)
  Edmund (D:4)
  2 black bears
  An ogre (D:3)
  A scorpion (D:5)
  A wyvern skeleton (D:5)
  A howler monkey (D:4)
  A bullfrog zombie (D:5)
  2 hounds (D:5)
  A jelly (D:4)
  An orc wizard (D:5)
  3 gnolls (D:4)
  4 adders
  2 adder zombies
  2 worms
  7 orcs
  3 bats
  5 endoplasms
  A giant cockroach (D:4)
  3 goblins
  6 hobgoblins
  2 jackals (D:1)
  7 quokkas
  4 ball pythons
  4 frilled lizards
  A goblin zombie (D:3)
  4 kobolds
  6 rats
77 creatures vanquished.

Notes
Turn   | Place    | Note
-------+----------+-------------------------------------------
     0 | D:1      | Demosthentine the Merfolk Gladiator began the quest for the
                  | Orb.
     0 | D:1      | Reached XP level 1. HP: 16/16 MP: 1/1
   231 | D:1      | Reached XP level 2. HP: 23/23 MP: 2/2
   765 | D:1      | Identified a scroll of acquirement
   765 | D:1      | Acquired 367 gold pieces
   910 | D:2      | Reached XP level 3. HP: 25/28 MP: 3/3
  1067 | D:2      | Reached skill level 5 in Polearms
  1394 | D:2      | Reached skill level 1 in Armour
  1859 | D:3      | Noticed an ogre
  1869 | D:3      | Killed an ogre
  1870 | D:3      | Reached skill level 5 in Dodging
  1870 | D:3      | Reached XP level 4. HP: 35/35 MP: 4/4
  1870 | D:3      | Reached XP level 5. HP: 41/41 MP: 5/5
  1897 | D:3      | Found a hazy altar of Hepliaklqana.
  1897 | D:3      | Found a glowing silver altar of Zin.
  1933 | D:3      | Became a worshipper of Zin the Law-Giver
  1933 | D:3      | Reached * piety under Zin
  1933 | D:3      | Reached ** piety under Zin
  1940 | D:3      | Noticed a human
  1941 | D:3      | Found a runed translucent door.
  1955 | D:3      | Found a basalt altar of Yredelemnul.
  2232 | D:3      | Found an ancient bone altar of Kikubaaqudgha.
  2942 | D:4      | Noticed Menkaure
  2954 | D:4      | Killed Menkaure
  2955 | D:4      | Reached skill level 6 in Polearms
  2955 | D:4      | Reached skill level 1 in Shields
  2955 | D:4      | Reached XP level 6. HP: 15/48 MP: 6/6
  3163 | D:4      | Reached *** piety under Zin
  3642 | D:4      | Noticed a black bear
  3658 | D:4      | Killed a black bear
  3659 | D:4      | Reached XP level 7. HP: 29/54 MP: 7/7
  4202 | D:4      | Found a sparkling altar of Nemelex Xobeh.
  4361 | D:4      | Noticed Edmund
  4386 | D:4      | Killed Edmund
  4596 | D:5      | Entered Level 5 of the Dungeon
  4604 | D:5      | Reached skill level 7 in Polearms
  4660 | D:5      | Found Deru's Neck Hole.
  5025 | D:5      | Reached XP level 8. HP: 28/61 MP: 8/8
  5044 | D:5      | Found a stormy altar of Qazlal.
  5286 | D:5      | Reached **** piety under Zin
  5456 | D:5      | Found a blossoming altar of Fedhas.
  5563 | D:5      | Reached skill level 5 in Fighting
  5902 | D:6      | HP: 3/62 [poisoned by an orc wizard]
  5903 | D:6      | Succumbed to an orc wizard's poison

Illustrated notes

Levels and vault maps discovered:
D:1:      mrwooster_arrival_statue_3, layout_loops_ring
D:2:      layout_rooms
D:3:      layout_loops_corners, dk_yredelemnul_ordeal,
          chequers_temple_overflow_statue_of_worship,
          nicolae_kikubaaqudgha_miasma_corner
D:4:      layout_basic, nemelex_dance_club_becter, uniq_edmund, uniq_menkaure
D:5:      layout_loops_cross, nicolae_overflow_hidden_temple,
          fedhas_altar_fruit_tree, nicolae_shop_sticking_my_neck_out
D:6:      layout_basic, mainiacjoe_overflow_paths,
          mainiacjoe_overflow_small_starburst, uniq_maggie

Skill      XL: |  1  2  3  4  5  6  7  8 |
---------------+-------------------------+-----
Polearms       | 5 6 7 |  7.5
Armour         | 1 2 |  2.9
Fighting       | 3 4 5 |  5.0
Dodging        | 5 6 |  6.8
Shields        | 1 2 3 |  3.0
Throwing       | |  2.0

Action                   |  1- 3 |  4- 6 |  7- 9 || total
-------------------------+-------+-------+-------++-------
Melee: Trident           |   119 |    94 |   139 ||   352
Throw: Throwing net      |     1 |     1 |     1 ||     3
  Use: Scroll            |     6 |     4 |     4 ||    14
       Potion            |       |       |     3 ||     3
 Stab: Sleeping          |     3 |     1 |     2 ||     6
       Held in net/web   |     2 |       |     1 ||     3
Armor: Leather armour    |    25 |    12 |    24 ||    61
Dodge: Dodged            |    62 |    55 |    65 ||   182

Table legend: (Time is in decaauts)
 A = Elapsed time spent in this place.
 B = Non-inter-level travel time spent in this place.
 C = Inter-level travel time spent in this place.
 D = Time resting spent in this place.
 E = Time spent auto-exploring this place.
 F = Levels seen in this place.
 G = Mean time per level.
                   A        B        C        D        E       F      G
               +--------+--------+--------+--------+--------+-----+--------+
         Total |   5911 |   5794 |    117 |    249 |   4641 |   6 |  985.2 |
       Dungeon |   5911 |   5794 |    117 |    249 |   4641 |   6 |  985.2 |
               +--------+--------+--------+--------+--------+-----+--------+

Top non-repeatable levels by time:
     D:4: 1813 daAuts
     D:5: 1272 daAuts
     D:3: 1027 daAuts
     D:2: 968 daAuts
     D:1: 800 daAuts
     D:6: 29 daAuts
